 Dungeon Crawl Stone Soup version 0.24.0-28-g17ded55e90 (webtiles) character file.

Game seed: 7356200046383916147, levelgen mode: deterministic

172 Delamore the Chopper (level 5, -4/45 HPs)
             Began as a Hill Orc Fighter on Nov 13, 2019.
             Slain by an orc warrior
             ... wielding a +0 scimitar
              (13 damage)
             ... on level 3 of the Dungeon.
             The game lasted 00:03:06 (1879 turns).

Delamore the Chopper (Hill Orc Fighter)             Turns: 1879, Time: 00:03:07

Health: -4/45      AC:  6    Str: 25    XL:     5   Next: 53%
Magic:  5/5        EV:  7    Int:  8    God:
Gold:   114        SH:  9    Dex: 10    Spells: 4/4 levels left

rFire    . . .     SeeInvis .   a - +0 war axe
rCold    . . .     Gourm    +   c - +0 shield
rNeg     . . .     Faith    .   b - +0 scale mail
rPois    .         Spirit   .   (no helmet)
rElec    .         Reflect  .   (no cloak)
rCorr    .         Harm     .   (no gloves)
MR       +....                  (no boots)
Stlth    +.........             i - amulet of the gourmand
HPRegen  0.15/turn              k - ring of stealth
MPRegen  0.09/turn              q - ring of protection from magic

@: mighty
A: no striking features
a: no special abilities


You were on level 3 of the Dungeon.
You were not hungry.

You visited 1 branch of the dungeon, and saw 3 of its levels.

You collected 114 gold pieces.

Inventory:

Hand Weapons
 a - a +0 war axe (weapon)
Armour
 b - a +0 scale mail (worn)
 c - a +0 shield (worn)
Jewellery
 i - an amulet of the gourmand (around neck)
 k - a ring of stealth (left hand)
 q - a ring of protection from magic (right hand)
Wands
 n - a wand of polymorph (7)
Scrolls
 e - 2 scrolls of identify {unknown}
 g - 2 scrolls of magic mapping {unknown}
 j - 2 scrolls of fear {unknown}
 l - a scroll of noise {unknown}
 o - a scroll of blinking {unknown}
 p - a scroll of immolation {unknown}
Potions
 h - 3 potions of agility {unknown}
 m - a potion of berserk rage {unknown}
 r - a potion of degeneration {unknown}
 s - 2 potions of curing {unknown}
Comestibles
 f - 5 rations


   Skills:
 - Level 3.6 Fighting
 + Level 7.4 Axes
 - Level 3.2 Armour
 - Level 3.2 Shields


You had 4 spell levels left.
You didn't know any spells.
Your spell library was empty.

Dungeon Overview and Level Annotations

Branches:
Dungeon (3/15)

Altars:
Yredelemnul


Message History

The orc warrior hits you with a +0 scimitar!!
There is a stone staircase leading up, spattered with blood here.
You barely miss the orc warrior.
The orc warrior hits you with a +0 scimitar!
The orc hits you but does no damage.
You are too injured to fight recklessly!
You are too injured to fight recklessly!
You hit the orc warrior but do no damage.
Your scale mail prevents you from hitting the orc.
You block the orc's attack. The orc warrior barely misses you.
You hit the orc warrior but do no damage.
You hit the orc but do no damage. The orc hits you with a +0 falchion.
The orc warrior hits you with a +0 scimitar.
* * * LOW HITPOINT WARNING * * *
You feel very mighty all of a sudden. You block the orc's attack.
You closely miss the orc warrior. You slash the orc!
You kill the orc!
The orc warrior hits you with a +0 scimitar!
You die... #..P.P #.###.## ...P.....P #.#.... # .##PPP.PPP P ##.#.#.#.# ...P.P...
P. ...>....# .##P.P.P.P .P####.#^.#..# <..P... ...#.#.....# ...P.PPPPPPP

#.#...#...#
...P.P.......P##.)...[...#
...PPPPPPP.PPP..@o...[#..#
...#.#......####.###..# #
.....#...... .... #..#
#.#............#.#.#..#
......<............#..#
#............. ..# #..#
###........#...... ...#
..'........## .#..
.##.........


You could see an orc warrior.

Vanquished Creatures
  A human zombie (D:2)
  7 adders
  A gnoll (D:1)
  An ooze (D:2)
  A worm (D:3)
  A dart slug (D:2)
  4 orcs (D:3)
  8 bats
  2 giant cockroaches
  5 goblins
  6 hobgoblins
  5 jackals (D:2)
  5 kobolds
  3 quokkas (D:2)
  3 frilled lizards
  A kobold skeleton (D:2)
  7 rats
61 creatures vanquished.

Notes
Turn   | Place    | Note
-------+----------+-------------------------------------------
     0 | D:1      | Delamore the Hill Orc Fighter began the quest for the Orb.
     0 | D:1      | Reached XP level 1. HP: 19/19 MP: 1/1
   130 | D:1      | Reached skill level 3 in Axes
   130 | D:1      | Reached XP level 2. HP: 21/26 MP: 2/2
   155 | D:1      | Reached skill level 4 in Axes
   542 | D:1      | Reached XP level 3. HP: 31/31 MP: 3/3
   782 | D:2      | Reached skill level 5 in Axes
   846 | D:2      | Reached XP level 4. HP: 38/39 MP: 4/4
   957 | D:2      | Reached skill level 6 in Axes
  1169 | D:2      | Noticed a human
  1171 | D:2      | Found a runed translucent door.
  1175 | D:2      | Found a basalt altar of Yredelemnul.
  1186 | D:2      | Reached XP level 5. HP: 38/45 MP: 5/5
  1482 | D:3      | Reached skill level 7 in Axes
  1578 | D:3      | Noticed an orc warrior
  1586 | D:3      | HP: 2/45 [orc warrior/+0 scimitar (13)]
  1879 | D:3      | Slain by an orc warrior

Levels and vault maps discovered:
D:1:      lemuel_arrival_hallway, layout_loops_ring
D:2:      layout_loops_ring, first_ration, dk_yredelemnul_ordeal
D:3:      minmay_angry_zag, layout_basic, chequers_ecumenical_altar_grove,
          minmay_hedge_maze, minmay_misc_feat_hallway

Skill      XL: |  1  2  3  4  5 |
---------------+----------------+-----
Axes           | 3 4 5 6 7 |  7.4
Fighting       | |  3.6
Armour         | |  3.2
Shields        | |  3.2

Action                   |  1- 3 |  4- 6 || total
-------------------------+-------+-------++-------
Melee: War axe           |   106 |   133 ||   239
  Use: Potion            |       |     1 ||     1
  Eat: Chunk             |       |     4 ||     4
Armor: Scale mail        |    50 |    64 ||   114
Dodge: Dodged            |    30 |    41 ||    71
Block: Shield            |    56 |    68 ||   124
